 Dungeon Crawl Stone Soup version 0.25.0-8-gfd19cd77bd (webtiles) character file.

Game seed: 13046799298103887582

25 DeadF the Sneak (level 2, -1/11 HPs)
             Began as a Felid Enchanter on June 16, 2020.
             Slain by a worm (7 damage)
             ... on level 2 of the Dungeon.
             The game lasted 00:03:29 (1390 turns).

DeadF the Sneak (Felid Enchanter)                   Turns: 1390, Time: 00:03:29

Health: -1/11      AC:  1    Str:  4    XL:     2   Next: 86%
Magic:  2/6        EV: 19    Int: 16    God:
Gold:   96         SH:  5    Dex: 16    Spells: 2/5 levels left
                                        Lives:  0   Deaths: 0

rFire    . . .     SeeInvis +     - Unarmed
rCold    . . .     Gourm    .   (shield unavailable)
rNeg     . . .     Faith    .   (armour unavailable)
rPois    .         Spirit   .   (helmet unavailable)
rElec    .         Reflect  +   (cloak unavailable)
rCorr    .         Harm     .   (gloves unavailable)
MR       .....                  (boots unavailable)
Stlth    +++.......             f - amulet of reflection
HPRegen  0.03/turn              (no ring)
MPRegen  0.10/turn              (no ring)

@: quick
A: very small, no armour, no weapons or thrown items, stealth, claws 1, fangs 3,
see invisible, carnivore, speed 1, shaggy fur 1, slow metabolism 1, sharp paws
a: no special abilities


You were on level 2 of the Dungeon.
You were completely stuffed.

You visited 1 branch of the dungeon, and saw 3 of its levels.

You collected 96 gold pieces.

Inventory:

Jewellery
 f - an amulet of reflection (around neck)
Scrolls
 a - a scroll of identify
 e - a scroll of amnesia {unknown}
Potions
 c - a potion of lignification {unknown}
 g - a potion of curing {unknown}
Comestibles
 b - 4 rations


   Skills:
 + Level 3.7 Dodging
 + Level 5.0 Stealth
 - Level 1.0 Unarmed Combat
 - Level 2.0 Spellcasting
 - Level 4.4 Hexes


You had 2 spell levels left.
You knew the following spells:

 Your Spells              Type           Power        Failure   Level  Hunger
a - Corona                Hex            ###....      3%          1    #......
b - Ensorcelled Hibernat  Hex/Ice        #.....       13%         2    ###....

Your spell library contained the following spells:

 Spells                   Type           Power        Failure   Level  Hunger
 Confusing Touch          Hex            ###.....     11%         3    ###....
 Tukima's Dance           Hex            ###.....     11%         3    ###....
 Dazzling Flash           Conj/Hex       #.....       26%         3    ###....


Dungeon Overview and Level Annotations

Branches:
Dungeon (3/15)

Altars:


Innate Abilities, Weirdness & Mutations

You cannot wear armour.
You are incapable of wielding weapons or throwing items.
Your paws allow you to move quietly. (Stealth)
You have sharp claws.
You have razor-sharp teeth.
You have supernaturally acute eyesight. (SInv)
You are carnivorous and can eat meat at any time.
You cover ground quickly.
You are covered in fur. (AC +1)
You have a slow metabolism.
Your sharp claws are effective at attacking unaware monsters.


Message History

The worm is heavily wounded.
The worm bites you.
Casting: Ensorcelled Hibernation (safe; 13% risk of failure)
Confirm with . or Enter, or press ? or * to list all spells.
Aiming: Ensorcelled Hibernation (safe; 13% risk of failure)
Press: ? - help, Shift-Dir - straight line, f/p - worm
Aim: a worm (heavily wounded, chance to defeat MR: 49%)
The worm resists with some effort.
Casting: Ensorcelled Hibernation (safe; 13% risk of failure)
Confirm with . or Enter, or press ? or * to list all spells.
Aiming: Ensorcelled Hibernation (safe; 13% risk of failure)
Press: ? - help, Shift-Dir - straight line, f/p - worm
Aim: a worm (moderately wounded, chance to defeat MR: 49%)
The worm looks drowsy...
The helpless worm fails to defend itself.
You claw the worm!
The worm is almost dead.
The worm bites you!
Ouch! That really hurt!
You die...

..# #.# ..# #.# ####
..# #.# #.. ..# #.#
#.####### ..#
#.#######.......#
..###.#.............#
.....>.......<...####.#
.####.#...#....w......#
.# #.#........#@###..#
w# #.#...#.####.# # .#
#.#..........# ##
#.#.###.#######
#.#.#..........
#.#.#.#.#.#####
#.#.#.### #.#.#.# #
#...#.# .#


You could see a worm.

Vanquished Creatures
  2 dart slugs (D:1)
  5 bats (D:1)
  4 giant cockroaches
  3 goblins (D:1)
  2 hobgoblins (D:1)
  A frilled lizard (D:1)
  A kobold (D:1)
  A rat (D:1)
19 creatures vanquished.

Notes
Turn   | Place    | Note
-------+----------+-------------------------------------------
     0 | D:1      | DeadF the Felid Enchanter began the quest for the Orb.
     0 | D:1      | Reached XP level 1. HP: 7/7 MP: 4/4
   344 | D:1      | Reached XP level 2. HP: 11/11 MP: 6/6
   448 | D:1      | Learned a level 2 spell: Ensorcelled Hibernation
  1087 | D:2      | Reached skill level 5 in Stealth
  1390 | D:2      | Slain by a worm

Illustrated notes

Levels and vault maps discovered:
D:1:      dpeg_arrival_connections, layout_rooms, serial_bayou_pond_e
D:2:      layout_basic
D:3:      layout_basic, uniq_grinder, uniq_jessica

Skill      XL: |  1  2 |
---------------+-------+-----
Dodging        | 3 |  3.7
Stealth        | 5 |  5.0
Unarmed Combat | |  1.0
Spellcasting   | |  2.0
Hexes          | |  4.4

Action                   || total
-------------------------++-------
Melee: Unarmed           ||    51
       Bite              ||     1
 Cast: Ensorcelled Hiber ||     8
  Use: Scroll            ||     1
 Stab: Sleeping          ||    15
  Eat: Chunk             ||     9
Armor: Skin              ||     7
Dodge: Dodged            ||    35
Block: Other             ||     1
